 Dungeon Crawl Stone Soup version 0.28-a0-622-gbaef9634d7 (webtiles) character file.

Game seed: 4968772472474719296

637329 frimble the Imperceptible (level 27, 0/217 HPs)
             Began as an Octopode Venom Mage on Oct 8, 2021.
             Was a High Priest of Cheibriados.
             Slain by an Orb Guardian (14 damage)
             ... on level 5 of the Realm of Zot.
             The game lasted 02:27:23 (79328 turns).

frimble the Imperceptible (Octopode Venom Mage)    Turns: 79328, Time: 02:27:24

Health: 0/217      AC: 37    Str: 23 (24) XL:     27
Magic:  36/43      EV: 26    Int: 58      God:    Cheibriados [*****.]
Gold:   5705       SH: 16    Dex: 19      Spells: 30/58 levels left

rFire   + + +      SeeInvis +   b - +9 double sword (vamp)
rCold   + + +      Faith    .   L - +2 shield of Resistance {rF++ rC++ Will++}
rNeg    + + .      Spirit   .   p - +2 hat
rPois   ∞          Reflect  .   Y - amulet of magic regeneration
rElec   +          Harm     .   f - +4 ring of slaying
rCorr   .          Rampage  .   m - +4 ring of evasion
Will    +++++      Rage     3%  J - +6 ring of intelligence Stlth *+++++++++Rnd*Tele +
                                j - ring of the Median {Ice rElec rPois Str+3 Slay+3}
HPRegen 0.46/turn               t - ring of Qijovvog {Fly rC+ Int+4 Dex-3 Slay+4}
MPRegen 0.53/turn               K - ring "Ving" {rC+ rN+ Int+4}
                                V - ring "Jiyr Mint" {AC+4 Int+2 Dex-3 Stlth+}
                                T - ring "Neoferue" {Fly rF++ Will+ Str-2 SInv}

@: statue-form, flying, studying 2 skills, very slow
A: slow and powerful, torment resistance 1, boosted hp, almost no armour,
amphibious, 8 rings, camouflage 1, (gelatinous body 1), (nimble swimmer 1),
tentacles, antennae 1, see invisible, berserk 2, clumsy 2, deterioration 2,
frail 2, electricity resistance, strong 1, teleportitis 1, subdued magic 1,
MP-powered wands
}: 3/15 runes: decaying, silver, gossamer
a: End Transformation, Renounce Religion, Bend Time, Temporal Distortion,
Slouch, Step From Time


You were on level 5 of the Realm of Zot.
You worshipped Cheibriados.
Cheibriados was extremely pleased with you.
You were a living statue of rough stone.
You visited 11 branches of the dungeon, and saw 52 of its levels.
You visited the Abyss 2 times.
You visited 1 bazaar.
You visited 1 ziggurat, and saw 12 of its levels.
You also visited: Ossuary and Wizlab.

You collected 10258 gold pieces.
You spent 4553 gold pieces at shops.

Inventory:

Hand Weapons
 a - a +9 quick blade of flaming
 b - a +9 vampiric double sword (weapon)
 R - the +4 dagger "Baagalef" {flame, rF+ rC+ SInv}
   (You found it on level 14 of the Dungeon)

   It burns those it strikes, dealing additional fire damage.
   rF:        It protects you from fire.
   rC:        It protects you from cold.
   SInv:      It lets you see invisible.
Missiles
 i - 6 throwing nets
 k - 22 javelins (quivered)
 z - 17 curare-tipped darts
Armour
 p - a +2 hat (worn)
 L - the +2 shield of Resistance (worn) {rF++ rC++ Will++}
   (You found it on level 3 of the Crypt)

   rF:        It greatly protects you from fire.
   rC:        It greatly protects you from cold.
   Will:      It greatly increases your willpower.
Jewellery
 f - a +4 ring of slaying (left tentacle)
 j - the ring of the Median (on tentacle) {Ice rElec rPois Str+3 Slay+3}
   (You found it on level 5 of a ziggurat)

   [ring of ice]

   It enhances your ice magic.
   Str:       It affects your strength (+3).
   Slay:      It affects your accuracy & damage with ranged weapons and melee
   (+3).
   rF:        It makes you vulnerable to fire.
   rC:        It protects you from cold.
   rElec:     It insulates you from electricity.
   rPois:     It protects you from poison.
 m - a +4 ring of evasion (right tentacle)
 r - the ring "Sejuypi" {rElec rF+ AC+4 Dex+4}
   (You found it on level 12 of the Dungeon)

   [ring of protection]

   AC:        It affects your AC (+4).
   Dex:       It affects your dexterity (+4).
   rF:        It protects you from fire.
   rElec:     It insulates you from electricity.
 t - the ring of Qijovvog (on tentacle) {Fly rC+ Int+4 Dex-3 Slay+4}
   (You found it on level 4 of the Swamp)

   [ring of flight]

   Int:       It affects your intelligence (+4).
   Dex:       It affects your dexterity (-3).
   Slay:      It affects your accuracy & damage with ranged weapons and melee
   (+4).
   rC:        It protects you from cold.
   Fly:       It grants you flight.
 v - a ring of resist corrosion
 J - a +6 ring of intelligence (on tentacle)
 K - the ring "Ving" (on tentacle) {rC+ rN+ Int+4}
   (You took it off an ancient champion on level 3 of the Crypt)

   [ring of positive energy]

   Int:       It affects your intelligence (+4).
   rC:        It protects you from cold.
   rN:        It protects you from negative energy.
 M - the ring of Jeulorch {Fire MP+9}
   (You found it on level 8 of a ziggurat)

   [ring of fire]

   It enhances your fire magic.
   rF:        It protects you from fire.
   rC:        It makes you vulnerable to cold.
   MP:        It affects your magic capacity (+9).
 T - the ring "Neoferue" (on tentacle) {Fly rF++ Will+ Str-2 SInv}
   (You bought it in a shop on level 1 of the Depths)

   [ring of flight]

   Str:       It affects your strength (-2).
   rF:        It greatly protects you from fire.
   SInv:      It lets you see invisible.
   Fly:       It grants you flight.
   Will:      It increases your willpower.
 V - the ring "Jiyr Mint" (on tentacle) {AC+4 Int+2 Dex-3 Stlth+}
   (You found it on level 2 of the Depths)

   [ring of protection]

   AC:        It affects your AC (+4).
   Int:       It affects your intelligence (+2).
   Dex:       It affects your dexterity (-3).
   Stlth:     It makes you more stealthy.
 Y - an amulet of magic regeneration (around mantle)
Wands
 s - a wand of acid (25)
 E - a wand of digging (11)
 H - a wand of paralysis (26)
 X - a wand of iceblast (51)
Scrolls
 c - 5 scrolls of holy word
 l - 4 scrolls of magic mapping
 n - 14 scrolls of fog
 o - 45 scrolls of identify
 u - 8 scrolls of fear
 y - 8 scrolls of immolation
 C - 21 scrolls of teleportation
 F - 13 scrolls of amnesia
 S - 3 scrolls of torment
 U - a scroll of silence
 W - a scroll of brand weapon
Potions
 e - 16 potions of brilliance
 h - 7 potions of magic
 q - 10 potions of might
 w - 2 potions of attraction
 x - 3 potions of mutation
 A - 16 potions of curing
 B - 9 potions of lignification
 I - 10 potions of ambrosia
 O - 6 potions of berserk rage
 P - 3 potions of invisibility
 Q - 6 potions of cancellation
 Z - a potion of resistance
Miscellaneous
 d - a tin of tremorstones (inert)
 D - a condenser vane
 G - a box of beasts


   Skills:
 + Level 22.7 Fighting
 - Level 8.0(12.6) Short Blades
 - Level 15.2(16.0) Long Blades
 - Level 1.0 Throwing
 - Level 15.0 Dodging
 - Level 24.5 Stealth
 - Level 15.0 Shields
 - Level 16.0 Spellcasting
 - Level 3.0 Translocations
 - Level 11.3 Transmutations
 + Level 13.6 Fire Magic
 - Level 16.0 Ice Magic
 + Level 13.2 Earth Magic
 - Level 8.0 Poison Magic
 + Level 16.7 Invocations
 - Level 3.0 Evocations


You had 30 spell levels left.
You knew the following spells:

 Your Spells              Type           Power      Damage    Failure   Level
a - Sting                 Tmut/Pois      100%       1d8       0%          1
b - Olgreb's Toxic Radia  Pois           82%        N/A       1%          4
c - Ignition              Fire           51%        3d14      5%          8
d - Ozocubu's Refrigerat  Ice            66%        4d18      1%          7
e - Blink                 Tloc           N/A        N/A       1%          2
f - Statue Form           Tmut/Erth      65%        N/A       1%          6

Your spell library contained the following spells:

 Spells                   Type           Power      Damage    Failure   Level
 Foxfire                  Conj/Fire      100%       2x1d9     0%          1
 Freeze                   Ice            100%       1d11      0%          1
 Sandblast                Erth           100%       2d20      0%          1
 Ensorcelled Hibernation  Hex/Ice        100%       N/A       0%          2
 Passwall                 Tmut/Erth      81%        N/A       0%          2
 Frozen Ramparts          Ice            100%       1d12      0%          3
 Ignite Poison            Fire/Tmut/Pois 93%        N/A       0%          3
 Ozocubu's Armour         Ice            100%       N/A       0%          3
 Ice Form                 Ice/Tmut       100%       N/A       0%          4
 Petrify                  Tmut/Erth      98%        N/A       0%          4
 Lee's Rapid Deconstruct  Erth           50%        3d25*     0%          5
 Apportation              Tloc           100%       N/A       1%          1
 Magic Dart               Conj           100%       1d8       1%          1
 Pain                     Necr           100%       1d9       1%          1
 Shock                    Conj/Air       100%       1d9       1%          1
 Summon Small Mammal      Summ           100%       N/A       1%          1
 Call Imp                 Summ           35%        N/A       1%          2
 Corpse Rot               Necr/Air       N/A        N/A       1%          2
 Poisonous Vapours        Pois/Air       100%       N/A       1%          2
 Slow                     Hex            35%        N/A       1%          2
 Static Discharge         Conj/Air       35%        N/A       1%          2
 Call Canine Familiar     Summ           35%        N/A       1%          3
 Confusing Touch          Hex            35%        N/A       1%          3
 Conjure Flame            Conj/Fire      77%        6-21      1%          3
 Dazzling Flash           Conj/Hex       70%        N/A       1%          3
 Inner Flame              Hex/Fire       77%        N/A       1%          3
 Mephitic Cloud           Conj/Pois/Air  56%        N/A       1%          3
 Portal Projectile        Hex/Tloc       98%        N/A       1%          3
 Stone Arrow              Conj/Erth      100%       3d13      1%          3
 Swiftness                Air            35%        N/A       1%          3
 Teleport Other           Tloc           58%        N/A       1%          3
 Airstrike                Air            17%        N/A       1%          4
 Animate Dead             Necr           17%        N/A       1%          4
 Cause Fear               Hex            17%        N/A       1%          4
 Dispel Undead            Necr           35%        3d15      1%          4
 Flame Wave               Conj/Fire      77%        3d13      1%          4
 Fulminant Prism          Conj/Hex       17%        3d11      1%          4
 Hailstorm                Conj/Ice       100%       3d20      1%          4
 Iskenderun's Mystic Bla  Conj/Tloc      49%        2d11      1%          4
 Leda's Liquefaction      Hex/Erth       38%        N/A       1%          4
 Sticky Flame             Conj/Fire      77%        2d9       1%          4
 Summon Ice Beast         Ice/Summ       100%       N/A       1%          4
 Alistair's Intoxication  Tmut/Pois      59%        N/A       1%          5
 Blade Hands              Tmut           47%        N/A       1%          5
 Borgnjor's Vile Clutch   Necr/Erth      38%        N/A       1%          5
 Fireball                 Conj/Fire      38%        3d16      1%          5
 Freezing Cloud           Conj/Ice/Air   45%        6-21      1%          5
 Manifold Assault         Tloc           58%        N/A       1%          5
 Metabolic Englaciation   Hex/Ice        51%        N/A       1%          5
 Yara's Violent Unravell  Hex/Tmut       36%        3d15      1%          5
 Eringya's Noxious Bog    Tmut/Pois      44%        N/A       1%          6
 Iron Shot                Conj/Erth      38%        9d8       1%          6
 Simulacrum               Ice/Necr       51%        N/A       1%          6
 Starburst                Conj/Fire      38%        6d11      1%          6
 Summon Forest            Summ/Tloc      24%        N/A       3%          5
 Agony                    Necr           35%        N/A       6%          5
 Excruciating Wounds      Necr           17%        N/A       6%          5
 Iskenderun's Battlesphe  Conj           35%        2d9       6%          5
 Lightning Bolt           Conj/Air       17%        1d32      6%          5
 Silence                  Hex/Air        17%        N/A       6%          5
 Dispersal                Tloc           29%        N/A       10%         6
 Storm Form               Tmut/Air       36%        N/A       19%         7
 Conjure Ball Lightning   Conj/Air       17%        3x3d6     34%         6
 Death Channel            Necr           17%        N/A       34%         6
 Invisibility             Hex            17%        N/A       34%         6
 Shatter                  Erth           50%        3d38*     73%         9
 Haunt                    Necr/Summ      17%        N/A       91%         7
 Monstrous Menagerie      Summ           17%        N/A       91%         7
 Orb of Destruction       Conj           17%        9d8       91%         7
 Spellforged Servitor     Conj/Summ      17%        N/A       91%         7
 Summon Hydra             Summ           17%        N/A       91%         7
 Disjunction              Tloc           29%        N/A       99%         8
 Borgnjor's Revivificati  Necr           17%        N/A       100%        8
 Discord                  Hex            17%        N/A       100%        8
 Infestation              Necr           17%        N/A       100%        8
 Maxwell's Capacitive Co  Air            17%        ∞         100%        8
 Chain Lightning          Conj/Air       17%        3d23      100%        9
 Animate Armour           Summ/Erth      Unusable   N/A       N/A         4

Dungeon Overview and Level Annotations

Branches:
Dungeon (15/15)            Temple (1/1) D:6            Lair (6/6) D:8
  Swamp (4/4) Lair:4       Spider (4/4) Lair:4        Slime (0/5) Lair:6
    Orc (2/2) D:9             Elf (3/3) Orc:2        Vaults (5/5) D:13
  Crypt (3/3) Vaults:2       Tomb (0/3) Crypt:3      Depths (4/4) D:15
    Zot (5/5) Depths:4    Ossuary (visited)          WizLab (visited)

Altars:
Ashenzari
Cheibriados
Dithmenos
Elyvilon
Fedhas
Gozag
Hepliaklqana
Kikubaaqudgha
Makhleb
Nemelex Xobeh
Okawaru
Qazlal
Ru
Sif Muna
Trog
Uskayaw
Vehumet
Wu Jian
Xom
Yredelemnul
Zin
The Shining One
Beogh

Shops:
Orc:2 !(=(   Elf:2 *([[   Vaults:2 [   Depths:1 =::   Depths:2 ([

Portals:
Hell: Depths:1 Depths:2 Depths:3 Depths:4
Abyss: Depths:3
Pandemonium: Depths:2 Depths:3

Annotations:
D:2 1 runed translucent door, Crazy Yiuf
Elf:2 5 runed translucent doors, Rec Ufue's ghost, veteran MiGl


Innate Abilities, Weirdness & Mutations

You are a living statue of rough stone.
Your actions are slow, but your melee attacks are powerful.
You are resistant to unholy torment.
Your maximum health is greatly increased.
You are immune to poison.
You cannot wear most types of armour.
You are amphibious.
You can wear up to eight rings at the same time.
Your skin changes colour to match your surroundings (Stealth+).
((Your rubbery body absorbs attacks. (AC +1, EV +1)))
((You are camouflaged near water. (Stealth+)))
You have tentacles for arms and can constrict up to eight enemies at once.
You have a pair of small antennae on your head.
You have supernaturally acute eyesight. (SInv)
You often lose your temper in combat.
You are very clumsy. (Dex -4)
Your body often deteriorates upon taking damage.
You are very frail. (-20% HP)
You are resistant to electric shocks. (rElec)
Your muscles are strong. (Str +2)
You are occasionally teleported next to monsters.
Your spells are a little easier to cast, but a little less powerful.
You expend magic power (3 MP) to strengthen your wands.


Message History

Casting: Statue Form (mildly dangerous; 1% risk of failure)
Confirm with . or Enter, or press ? or * to list all spells.
You extend your transformation's duration.
You block the Orb Guardian's attack. x2
The Orb Guardian hits you but does no damage.
You block the Orb Guardian's attack.
The Orb Guardian completely misses you. x2
The Orb Guardian hits you.
* * * LOW HITPOINT WARNING * * *
Casting: Statue Form (mildly dangerous; 1% risk of failure)
Confirm with . or Enter, or press ? or * to list all spells.
You extend your transformation's duration.
The Orb Guardian hits you but does no damage.
You block the Orb Guardian's attack.
The Orb Guardian hits you but does no damage.
You block the Orb Guardian's attack.
The Orb Guardian hits you but does no damage. x3
The Orb Guardian completely misses you.
The Orb Guardian hits you but does no damage.
The Orb Guardian hits you!
* * * LOW HITPOINT WARNING * * *
You hit the Orb Guardian but do no damage.
The Orb Guardian hits you but does no damage. x2
The Orb Guardian hits you!
* * * LOW HITPOINT WARNING * * *
You block the Orb Guardian's attack. The Orb Guardian misses you.
You block the Orb Guardian's attack.
The Orb Guardian hits you but does no damage.
The Orb Guardian hits you.
* * * LOW HITPOINT WARNING * * *
The Orb Guardian misses you. The Orb Guardian barely misses you.
You block the Orb Guardian's attack. The Orb Guardian misses you.
You step out of the flow of time.
You return to the normal time flow.
Cheibriados lowers the support of your attributes as your movement quickens.
An Orb Guardian comes into view.
Okay, then.
Unknown command.
Okay, then.
Unknown command.
Magic courses through your body. The Orb Guardian hits you!
You die...

... ... ... ...
▓▓▓▓▓▓▓▓▓ ...
.... ▓▓..^....▓
...
.....▓▓.X.......
[..
....▓....X.....
X..
...^XX..0X...
... ▓...X......
... ▓X8.X...?.
... ▓▓...X.^.▓ .
▓▓▓▓▓▓▓▓▓ . . .
. ▓▓▓▓▓▓▓▓▓▓▓#
#▓▓▓▓▓
...........###
###..^..
.....^.##....##
##....##.


You could see 9 Orb Guardians.

Vanquished Creatures
  9 dread liches
  7 orbs of fire
  4 ancient liches
  A juggernaut (Depths:3)
  3 Killer Klowns
  A pandemonium lord (Zig:11)
  Boris (4 times) (Vaults:3 Vaults:4 Depths:4 Vaults:2)
  2 shard shrikes (Zot:4)
  Margery (Crypt:3)
  3 curse toes (Zot:2)
  A caustic shrike (Depths:3)
  The ghost of Usuebad the Warrior, an adept DgCj (Depths:4)
  16 golden dragons
  A bone dragon (Depths:4)
  Arachne (Spider:2)
  2 electric golems (Zot:5)
  Jorgrun (D:14)
  16 tentacled monstrosities
  11 Orb Guardians (Zot:5)
  11 liches
  Mlioglotl (Swamp:3)
  A Hell Sentinel (Zig:5)
  Asterion (Spider:2)
  2 deep elf master archers (Elf:3)
  11 quicksilver dragons
  10 death cobs
  10 ancient champions
  2 walking divine tomes (Depths:3)
  8 titans
  3 tentacled starspawn
  A deep elf blademaster (Elf:3)
  The ghost of freelancePsychic the Eclecticist, an adept DjCj of Makhleb (Swamp:2)
  Kirke (Spider:2)
  An acid blob (Zig:4)
  The ghost of Iffuusoj the Severer, an adept MiBe of Trog (Swamp:2)
  An azure jelly (shapeshifter) (Zig:11)
  6 sphinxes
  Agnes (Spider:1)
  4 tengu reavers
  14 storm dragons
  15 shadow dragons
  2 fenstrider witches
  A rockslime (Zig:4)
  4 draconian monks
  A thorn hunter (Swamp:3)
  A nagaraja (Zig:8)
  10 fire giants
  4 revenants
  A fenstrider witch (shapeshifter) (Vaults:5)
  21 frost giants
  3 draconian knights
  7 deep elf sorcerers
  A spectral caustic shrike (Depths:4)
  2 emperor scorpions (Spider:4)
  9 draconian scorchers
  2 iron dragons
  15 vault wardens
  12 ghost moths
  3 ghouls
  2 draconian stormcallers
  6 deep elf elementalists (Elf:3)
  A spriggan defender (Depths:3)
  5 draconian annihilators
  6 draconian shifters
  7 war gargoyles
  4 curse skulls
  9 stone giants
  39 very ugly things
  25 ironbound preservers
  6 green draconians
  3 vampire knights
  13 red draconians
  4 deep elf demonologists
  19 yellow draconians
  10 black draconians
  8 deep elf annihilators
  12 white draconians
  17 purple draconians
  6 spark wasps
  Azrael (Orc:2)
  A spectral titan (Depths:4)
  10 dire elephants
  A lorocyproca (Abyss:2)
  8 entropy weavers
  3 statues (WizLab)
  5 bunyips
  15 deep elf death magi
  5 eleionomae
  9 eidola
  9 ettins
  2 crystal guardians
  Josephine (Orc:1)
  A quicksilver dragon zombie (Zot:2)
  10 jiangshi
  9 ironbound thunderhulks
  7 fire dragons
  A merfolk javelineer (Depths:3)
  4 shambling mangroves
  10 deep elf high priests
  The ghost of ALWAYSlose the Fighter, a journeyman MiBe of Trog (Lair:2)
  7 great orbs of eyes
  36 vault guards
  3 ghost crabs
  3 rakshasas
  A spectral tengu (Depths:4)
  Harold (D:7)
  3 salamander tyrants (Zig:8)
  2 spriggan air magi
  A hydra (shapeshifter) (Zig:11)
  14 yaktaur captains
  11 ice dragons
  A juggernaut simulacrum (Depths:3)
  A naga warrior (Zig:8)
  2 ogre magi
  4 boulder beetles
  4 peacekeepers
  17 centaur warriors
  9 ironbound frosthearts
  An anaconda (Zig:3)
  28 hydras
  A two-headed ogre (shapeshifter) (Zig:11)
  6 two-headed ogres
  4 catoblepae
  4 death knights
  13 dancing weapons
  6 tengu warriors
  A satyr (Abyss:3)
  6 death yaks (Lair:6)
  6 deep troll shamans
  7 orc high priests (Orc:2)
  A hell hog (Abyss:2)
  6 alligators
  A spectral spriggan (Depths:4)
  3 thrashing horrors
  8 vampire magi
  Urug (D:10)
  6 deep troll earth magi
  2 naga sharpshooters (Zig:8)
  A spectral storm dragon (Depths:4)
  2 shock serpents
  Sonja (D:10)
  22 hell knights
  20 deep elf knights
  2 spriggan berserkers
  A crystal echidna (Zig:5)
  5 soul eaters
  13 spriggans
  A sixfirhy (Abyss:3)
  A storm dragon skeleton (Depths:3)
  2 titan skeletons
  5 goliath frogs
  A wretched star (Zig:6)
  A golden dragon zombie (Depths:3)
  Nergalle (Orc:1)
  25 skeletal warriors
  12 iron trolls
  70 deep trolls
  2 shadow wraiths
  2 spatial maelstroms (Zig:6)
  14 swamp dragons
  4 spriggan druids
  A bunyip zombie (Crypt:1)
  10 bog bodies
  3 glowing orange brains
  An iron giant skeleton (Crypt:3)
  An obsidian statue (D:12)
  13 necromancers
  10 wizards
  6 deep elf archers
  3 spectral wolf spiders (Spider:3)
  22 ironbound convokers
  7 flayed ghosts
  A sphinx zombie (Crypt:3)
  8 lindwurms
  10 phantasmal warriors
  18 deep elf pyromancers
  A shadow dragon zombie (Zot:2)
  3 orc sorcerers
  12 orb spiders
  A tengu skeleton (Vaults:1)
  26 deep elf zephyrmancers
  6 harpies
  A shadow dragon skeleton (Vaults:4)
  6 will-o-the-wisps
  55 ugly things
  A stone giant zombie (Crypt:1)
  4 wolf spider zombies (Spider:3)
  5 orc knights
  41 wolf spiders
  A cyclops (shapeshifter) (Vaults:5)
  4 manticores
  A worldbinder (Abyss:3)
  A shining eye (Depths:4)
  29 moths of wrath
  5 cyclopes
  2 moths of wrath (shapeshifter)
  An apocalypse crab (Abyss:2)
  11 black mambas
  5 elephants (Lair:4)
  A salamander (Zig:3)
  An orange demon (Zig:6)
  2 stone giant skeletons
  2 eyes of devastation
  A naga mage (Zig:3)
  29 vault sentinels
  A water nymph (Abyss:3)
  2 gargoyles
  An eye of devastation (shapeshifter) (Depths:4)
  A guardian serpent (shapeshifter) (D:15)
  A shock serpent skeleton (Crypt:3)
  A titan simulacrum (Depths:4)
  A smoke demon (Abyss:2)
  2 torpor snails (Spider:2)
  13 cane toads
  2 hellions
  A purple draconian zombie (Crypt:3)
  8 freezing wraiths
  15 tengu conjurers
  12 demonic crawlers
  A catoblepas zombie (Crypt:1)
  2 unseen horrors
  27 yaktaurs
  A komodo dragon (shapeshifter) (D:15)
  5 guardian mummies
  An ice devil (Depths:3)
  A red devil (Depths:3)
  A spectral glowing shapeshifter (Depths:4)
  A hellwing (Depths:3)
  A tormentor (Zig:5)
  6 komodo dragons
  An iron troll zombie (Crypt:2)
  A purple draconian skeleton (Crypt:1)
  A golden dragon simulacrum (Depths:4)
  35 jumping spiders
  2 polar bears
  2 trolls
  2 tengu simulacra (Depths:4)
  5 wolf spider simulacra (Spider:3)
  2 raiju (Abyss:2)
  A meliai zombie (Crypt:1)
  10 tyrant leeches
  25 hornets
  12 blink frogs
  A sphinx simulacrum (Depths:4)
  An iron dragon simulacrum (Depths:4)
  A merfolk zombie (Crypt:1)
  58 slime creatures
  9 flying skulls
  A redback (shapeshifter) (Zig:7)
  8 starcursed masses (Zig:6)
  14 wraiths
  2 shadows
  A spriggan simulacrum (Depths:4)
  3 air elementals (Elf:1)
  24 tarantellas
  5 wyverns
  A vampire (D:12)
  A fire dragon skeleton (Crypt:1)
  59 redbacks
  2 water elementals
  67 yaks
  A fire bat (Abyss:2)
  3 fire elementals
  3 hogs (Spider:2)
  9 large abominations
  5 basilisks
  13 vampire mosquitoes
  5 chaos spawn
  Grum (D:9)
  A spatial vortex (Abyss:2)
  3 acid dragons
  7 wargs
  21 swamp worms
  5 hell hounds (Orc:2)
  20 water moccasins
  A floating eye (Depths:4)
  3 ice beasts
  17 orc warriors
  13 swamp drakes
  A deep troll skeleton (Crypt:3)
  A two-headed ogre skeleton (Crypt:2)
  A sky beast (D:8)
  4 necrophages
  A deep troll simulacrum (Vaults:1)
  A tengu (shapeshifter) (Vaults:4)
  10 centaurs
  9 ogres
  A hog zombie (Crypt:1)
  A dream sheep skeleton (Crypt:1)
  An elf simulacrum (Vaults:4)
  A phantom (D:6)
  22 wolves
  A kobold brigand (D:9)
  3 elf zombies
  6 bullfrogs
  4 earth elementals
  An elf skeleton (D:8)
  A gnoll sergeant (D:11)
  A bullfrog (shapeshifter) (D:13)
  11 scorpions
  A cyclops zombie (Crypt:3)
  6 small abominations
  A spriggan zombie (Crypt:3)
  9 killer bees
  8 wights
  A spriggan skeleton (Crypt:2)
  4 electric eels
  6 centaur zombies
  A quasit (Abyss:2)
  3 hounds
  2 human zombies
  16 jellies
  40 orc priests
  2 iron imps (Abyss:2)
  2 human skeletons
  A centaur skeleton (D:4)
  3 scorpion zombies (Ossuary)
  A gnoll shaman (D:7)
  21 orc wizards
  An iguana (D:6)
  A killer bee zombie (D:4)
  A hound zombie (Crypt:3)
  3 mummies (Ossuary)
  7 gnolls
  4 adders
  A steam dragon zombie (Crypt:2)
  A shadow imp (D:5)
  A swamp drake skeleton (Crypt:3)
  2 ufetubi (Abyss:2)
  2 worms
  A barachi skeleton (Crypt:3)
  A dart slug (D:4)
  85 orcs
  A bat skeleton (Crypt:1)
  4 endoplasms
  2 giant cockroaches
  A gnoll zombie (Crypt:1)
  7 goblins
  6 hobgoblins
  2 quokkas (D:2)
  5 ball pythons
  4 bats
  A frilled lizard (D:3)
  A goblin skeleton (Crypt:2)
  3 goblin zombies (Ossuary)
  A hobgoblin zombie (Ossuary)
  8 kobolds
  2 kobold zombies (Ossuary)
  An orc skeleton (D:8)
  4 orc zombies
  6 rats
  A rat skeleton (Crypt:2)
  3 ball lightnings (Zig:11)
  35 briar patches
  2 starspawn tentacles (Zig:6)
2433 creatures vanquished.

Vanquished Creatures (collateral kills)
  A two-headed ogre (Orc:2)
  A skeletal warrior (D:14)
  An orb spider (Spider:4)
  A wolf spider (Spider:4)
  A demonic crawler (Spider:4)
  A troll (Orc:2)
  3 jumping spiders
  A raiju (Abyss:2)
  A ynoxinul (Abyss:2)
  A tarantella (Spider:4)
  A neqoxec (Abyss:2)
  An orc warrior (Orc:2)
  An orc (Orc:2)
15 creatures vanquished.

Vanquished Creatures (others)
  2 pandemonium lords (Zig:11)
  A golden dragon (Depths:3)
  A thorn hunter (Zig:9)
  A fenstrider witch (shapeshifter) (Zig:11)
  A green draconian (Zot:5)
  2 hydras
  An orb spider (Spider:4)
  A will-o-the-wisp (Zig:9)
  An ugly thing (Zig:11)
  2 apocalypse crabs (Zig:11)
  A tyrant leech (Zig:9)
  An orc priest (Vaults:5)
  A briar patch (Zig:9)
  12 foxfires
  38 fungi
  61 plants
  4 starspawn tentacles
131 creatures vanquished.

Grand Total: 2579 creatures vanquished

Notes
Turn   | Place    | Note
-------+----------+-------------------------------------------
     0 | D:1      | frimble the Octopode Venom Mage began the quest for the
                  | Orb.
     0 | D:1      | Reached XP level 1. HP: 11/11 MP: 3/3
   361 | D:1      | Reached XP level 2. HP: 16/17 MP: 5/5
  1889 | D:2      | Reached skill level 5 in Poison Magic
  1889 | D:2      | Reached XP level 3. HP: 21/21 MP: 1/6
  2108 | D:2      | Found a runed translucent door.
  2109 | D:2      | Noticed Crazy Yiuf
  2735 | D:3      | Found a white marble altar of Elyvilon.
  2750 | D:3      | Reached skill level 1 in Short Blades
  2750 | D:3      | Reached skill level 3 in Stealth
  2881 | D:3      | Reached XP level 4. HP: 27/27 MP: 7/7
  3089 | D:3      | Found a faded altar of an unknown god.
  3089 | D:3      | Found a burning altar of Makhleb.
  3097 | D:3      | Found an iron altar of Okawaru.
  3099 | D:3      | Found a bloodstained altar of Trog.
  3101 | D:3      | Found a glowing silver altar of Zin.
  3135 | D:3      | Reached skill level 1 in Shields
  3294 | D:3      | Reached XP level 5. HP: 9/31 MP: 3/8
  4347 | D:4      | Found a snail-covered altar of Cheibriados.
  4457 | D:4      | Reached XP level 6. HP: 15/36 MP: 9/9
  4778 | D:5      | Entered Level 5 of the Dungeon
  5018 | D:5      | Reached skill level 1 in Throwing
  5098 | D:5      | Reached skill level 4 in Stealth
  5098 | D:5      | Reached XP level 7. HP: 24/45 MP: 10/10
  5451 | D:5      | Reached skill level 5 in Stealth
  6031 | D:6      | Found a staircase to the Ecumenical Temple.
  6101 | D:6      | Found a sacrificial altar of Ru.
  6703 | D:6      | Learned a level 4 spell: Olgreb's Toxic Radiance
  6793 | D:6      | Found a shadowy altar of Dithmenos.
  6832 | D:6      | Reached skill level 1 in Evocations
  6832 | D:6      | Reached XP level 8. HP: 40/50 MP: 11/11
  7529 | D:7      | Identified a scroll of acquirement
  7529 | D:7      | Acquired a +7 quick blade
  7679 | D:7      | Noticed a deep elf pyromancer
  7694 | D:7      | Killed a deep elf pyromancer
  7695 | D:7      | Reached skill level 5 in Fighting
  7695 | D:7      | Reached XP level 9. HP: 53/61 MP: 15/15
  7710 | D:7      | Reached skill level 5 in Short Blades
  7760 | Temple   | Entered the Ecumenical Temple
  8017 | D:5      | Learned a level 3 spell: Ozocubu's Armour
  8167 | D:7      | Reached skill level 1 in Ice Magic
  8170 | D:7      | Noticed Harold
  8188 | D:7      | Killed Harold
  8735 | D:8      | Noticed a hornet
  8740 | D:8      | Killed a hornet
  8812 | D:8      | Reached XP level 10. HP: 52/66 MP: 16/16
  9137 | D:8      | Reached skill level 5 in Ice Magic
  9185 | D:8      | Found a sand-covered staircase.
  9201 | Ossuary  | Entered an ossuary
 10378 | D:8      | Found a staircase to the Lair.
 10828 | D:9      | Noticed Grum
 10845 | D:9      | Killed Grum
 10875 | D:9      | Reached XP level 11. HP: 30/74 MP: 8/17
 10883 | D:9      | Learned a level 7 spell: Ozocubu's Refrigeration
 11385 | D:9      | Found a sparkling altar of Nemelex Xobeh.
 11386 | D:9      | Found a basalt altar of Yredelemnul.
 11535 | D:9      | Found a staircase to the Orcish Mines.
 11904 | D:10     | Entered Level 10 of the Dungeon
 11915 | D:10     | Noticed a six-headed hydra
 11925 | D:10     | Killed a six-headed hydra
 12056 | D:10     | Noticed Sonja
 12060 | D:10     | Killed Sonja
 12349 | D:10     | Noticed a two-headed ogre
 12398 | D:10     | Killed a two-headed ogre
 12630 | D:10     | Noticed a two-headed ogre
 12669 | D:10     | Killed a two-headed ogre
 12670 | D:10     | Reached skill level 5 in Spellcasting
 12985 | D:10     | Noticed Urug
 12998 | D:10     | Killed Urug
 13368 | D:10     | Noticed a two-headed ogre
 13390 | D:10     | Killed a two-headed ogre
 13713 | D:11     | Reached skill level 10 in Ice Magic
 14200 | D:11     | Noticed a cyclops
 14236 | D:11     | Killed a cyclops
 14351 | D:11     | Noticed a cyclops
 14369 | D:11     | Killed a cyclops
 14370 | D:11     | Reached XP level 12. HP: 53/83 MP: 21/21
 15061 | D:4      | Became a worshipper of Cheibriados the Contemplative
 15525 | Lair:1   | Entered Level 1 of the Lair of Beasts
 15838 | Orc:1    | Entered Level 1 of the Orcish Mines
 15842 | Orc:1    | Noticed a soul eater
 16160 | D:8      | Reached skill level 5 in Dodging
 16616 | Lair:1   | Reached * piety under Cheibriados
 17616 | Lair:2   | Found a shadowy altar of Dithmenos.
 17667 | Lair:2   | Noticed an eight-headed hydra
 17683 | Lair:2   | Killed an eight-headed hydra
 17964 | Lair:2   | Found a runed translucent door.
 17964 | Lair:2   | Noticed ALWAYSlose's ghost (journeyman MiBe)
 18041 | Lair:2   | Reached ** piety under Cheibriados
 18665 | Lair:3   | Reached skill level 1 in Invocations
 18968 | Lair:3   | Reached XP level 13. HP: 81/88 MP: 23/23
 18991 | Lair:3   | Reached skill level 6 in Stealth
 19067 | Lair:3   | Found a hazy altar of Hepliaklqana.
 19564 | Lair:4   | Reached *** piety under Cheibriados
 19801 | Lair:4   | Reached skill level 7 in Stealth
 19862 | Lair:4   | Found an ancient bone altar of Kikubaaqudgha.
 19882 | Lair:4   | Found a hole to the Spider Nest.
 20065 | D:9      | Paralysed by an orc sorcerer for 2 turns
 20369 | Orc:2    | Entered Level 2 of the Orcish Mines
 20369 | Orc:2    | Noticed Azrael
 20377 | Orc:2    | Killed Azrael
 20377 | Orc:2    | Reached **** piety under Cheibriados
 20378 | Orc:2    | Reached skill level 5 in Invocations
 20407 | Orc:2    | Reached skill level 8 in Stealth
 20424 | Orc:2    | Found a staircase to the Elven Halls.
 20598 | Orc:2    | Reached ***** piety under Cheibriados
 21447 | Orc:2    | Found Iliudu's Distillery.
 21497 | Orc:2    | Found Goawelas's Weapon Boutique.
 21500 | Orc:2    | Reached XP level 14. HP: 94/94 MP: 18/24
 21697 | Orc:2    | Found Pat Jiz's Antique Weapon Boutique.
 21697 | Orc:2    | Found Fyiteg's Jewellery Shoppe.
 21922 | Orc:2    | Bought a +4 ring of evasion for 648 gold pieces
 21977 | Orc:1    | Reached ****** piety under Cheibriados
 21985 | Orc:1    | Noticed Nergalle
 21986 | Orc:1    | Noticed Josephine
 22103 | Orc:1    | Killed Josephine
 22103 | Orc:1    | Killed Nergalle
 22104 | Orc:1    | Reached skill level 1 in Long Blades
 23317 | D:12     | Identified the ring "Ufoux" {Fly rElec rC+++ Dex+6 Slay-5}
 24150 | D:13     | Found a gate to the Vaults.
 24764 | D:14     | Found a blossoming altar of Fedhas.
 25094 | D:14     | Noticed Jorgrun
 25108 | D:14     | Killed Jorgrun
 25110 | D:14     | Identified the +2 robe of Midnight {rCorr Str+3}
 25230 | D:14     | Reached skill level 15 in Ice Magic
 25987 | D:14     | Reached skill level 10 in Fighting
 26200 | D:14     | Noticed a brown very ugly thing
 26206 | D:14     | Killed a brown very ugly thing
 26216 | D:14     | Identified the +4 dagger "Baagalef" {flame, rF+ rC+ SInv}
 26313 | D:15     | Entered Level 15 of the Dungeon
 26377 | D:15     | Reached XP level 15. HP: 62/104 MP: 25/25
 26800 | D:15     | Found a staircase to the Depths.
 26830 | D:15     | Cast into level 2 of the Abyss (a wizard)
 26860 | Abyss:2  | Noticed a tentacled starspawn
 26876 | Abyss:2  | Noticed a lich
 26886 | Abyss:2  | Found a corrupted altar of Lugonu.
 27079 | Abyss:2  | Gained mutation: Your spells are a little easier to cast,
                  | but a little less powerful. [a neqoxec]
 27135 | Abyss:2  | Noticed a tentacled starspawn
 27149 | Abyss:2  | Killed a tentacled starspawn
 27210 | Abyss:2  | Found a hide-covered altar of Uskayaw.
 27215 | Abyss:2  | Noticed a tentacled starspawn
 27218 | Abyss:3  | Found a corrupted altar of Lugonu.
 27226 | Abyss:3  | Noticed a tengu reaver
 27236 | Abyss:3  | Killed a tengu reaver
 27468 | Abyss:3  | Reached skill level 10 in Dodging
 27470 | D:15     | Escaped the Abyss
 28010 | D:15     | Paralysed by an orc sorcerer for 2 turns
 28016 | D:15     | Reached skill level 9 in Stealth
 28878 | Lair:2   | Killed ALWAYSlose's ghost
 29264 | Lair:4   | Reached skill level 10 in Stealth
 29759 | Lair:4   | Found a staircase to the Swamp.
 30772 | Lair:6   | Entered Level 6 of the Lair of Beasts
 30775 | Lair:6   | Reached skill level 11 in Stealth
 30776 | Lair:6   | Reached XP level 16. HP: 116/116 MP: 13/26
 30800 | Lair:6   | Identified the amulet "Giakh" {RegenMP rN+ Str-4 Dex+4}
 30930 | Lair:6   | Found a staircase to the Slime Pits.
 31296 | Lair:6   | Reached skill level 12 in Stealth
 31477 | Lair:6   | Reached skill level 5 in Shields
 31813 | Lair:6   | Found the +9 staff of Olgreb {rPois∞}
 32775 | Orc:2    | Bought an amulet of magic regeneration for 540 gold pieces
 32981 | Spider:1 | Entered Level 1 of the Spider Nest
 32981 | Spider:1 | Noticed Agnes
 32987 | Spider:1 | Killed Agnes
 34289 | Spider:2 | Noticed Arachne
 34318 | Spider:2 | Killed Arachne
 34599 | Spider:2 | Noticed Asterion
 34611 | Spider:2 | Killed Asterion
 34759 | Spider:2 | Reached XP level 17. HP: 118/126 MP: 9/27
 35080 | Spider:2 | Noticed Kirke
 35084 | Spider:2 | Killed Kirke
 35227 | Spider:2 | Reached skill level 15 in Fighting
 35349 | Spider:2 | Learned a level 2 spell: Blink
 36275 | Spider:3 | Reached skill level 10 in Shields
 37371 | Spider:4 | Entered Level 4 of the Spider Nest
 38151 | Swamp:1  | Entered Level 1 of the Swamp
 38204 | Swamp:1  | Paralysed by a fenstrider witch for 4 turns
 38861 | Elf:1    | Entered Level 1 of the Elven Halls
 38878 | Elf:1    | Paralysed by an air elemental for 1 turns
 38884 | Elf:1    | Paralysed by an air elemental for 1 turns
 39637 | Elf:1    | Reached XP level 18. HP: 125/134 MP: 28/28
 39693 | Elf:1    | You fall into a shaft and drop 1 floor!
 40156 | Elf:2    | Found Kaxohin's Antique Weapon Shoppe.
 40428 | Elf:2    | Found Ziushruaf's Assorted Antiques.
 40478 | Elf:2    | Found Daczyelu's Antique Armour Boutique.
 40508 | Elf:2    | Found Gaur's Armour Emporium.
 40534 | Elf:2    | Reached skill level 15 in Shields
 40713 | Elf:2    | Found a runed translucent gate.
 40770 | Elf:2    | Found a runed translucent gate.
 40770 | Elf:2    | Found a runed translucent gate.
 40801 | Elf:2    | Found a large runed translucent door.
 40802 | Elf:2    | Found a large runed translucent door.
 40805 | Elf:2    | Noticed Rec Ufue's ghost (veteran MiGl)
 40828 | Elf:2    | Identified the +5 great sword of Pufujeg {elec, SInv}
 41848 | Elf:3    | Entered Level 3 of the Elven Halls
 42768 | Elf:3    | Reached skill level 13 in Stealth
 42985 | Elf:3    | Noticed a deep elf master archer
 42986 | Elf:3    | Reached skill level 10 in Invocations
 42988 | Elf:3    | Killed a deep elf master archer
 42990 | Elf:3    | Noticed a deep elf master archer
 43006 | Elf:3    | Killed a deep elf master archer
 43013 | Elf:3    | Identified the +8 scimitar of the Inquisitive Beasts
                  | {drain, Fragile rC+ rCorr}
 43073 | Elf:3    | Identified the ring of Ozuur {Fire Contam Str+6}
 43096 | Elf:3    | Identified the +0 halberd of Animal Spirits {freeze, rC+
                  | Will+ Str-4 SInv}
 43096 | Elf:3    | Identified the ring "Luhul" {Fly rPois rN+ Dex-5 Stlth+}
 43097 | Elf:3    | Noticed a deep elf blademaster
 43104 | Elf:3    | Killed a deep elf blademaster
 43214 | Elf:3    | Got Petubin's Grimoire of Fiery Snow
 43256 | Elf:3    | Identified the +3 chain mail "Ohaimp" {rF+ Will++}
 43263 | Elf:3    | Reached skill level 14 in Stealth
 43263 | Elf:3    | Reached XP level 19. HP: 77/134 MP: 14/32
 43492 | Elf:3    | Cast into level 3 of the Abyss (a deep elf sorcerer)
 43528 | Elf:3    | Escaped the Abyss
 43949 | Orc:2    | Bought a +4 ring of evasion for 648 gold pieces
 43949 | Orc:2    | Bought a +4 ring of slaying for 1404 gold pieces
 44175 | Depths:1 | Entered Level 1 of the Depths
 44355 | Depths:1 | Reached skill level 10 in Spellcasting
 44355 | Depths:1 | Reached skill level 1 in Translocations
 44803 | Depths:1 | Found a gateway to Hell.
 44809 | Depths:1 | Reached skill level 15 in Stealth
 45053 | Depths:1 | Found Fidiket's Book Emporium.
 45058 | Depths:1 | Found Quang's Jewellery Shop.
 45059 | Depths:1 | Found Emmukk's Book Emporium.
 45065 | Depths:1 | Bought a book of Sloth for 504 gold pieces
 45072 | Depths:1 | Learned a level 6 spell: Statue Form
 45269 | Depths:2 | Found a one-way gate leading to the halls of Pandemonium.
 45302 | Depths:2 | Found a flickering gateway to a bazaar.
 45312 | Bazaar   | Entered a bazaar
 45316 | Bazaar   | Found Poclaepp's Jewellery Boutique.
 45338 | Bazaar   | Found Tyutsoci's Antique Armour Emporium.
 45359 | Bazaar   | Found Duahumpoipp's Book Boutique.
 45379 | Bazaar   | Found Degeimil's Jewellery Shoppe.
 45427 | Depths:2 | Reached skill level 1 in Earth Magic
 46131 | Depths:2 | Noticed a tentacled monstrosity
 46133 | Depths:2 | Found Qiwy's Armour Emporium.
 46138 | Depths:2 | Found Mierod Sicsa's Weapon Emporium.
 46151 | Depths:2 | Killed a tentacled monstrosity
 46723 | Spider:4 | Reached skill level 5 in Transmutations
 46807 | Spider:4 | Reached skill level 5 in Earth Magic
 46819 | Spider:4 | Reached XP level 20. HP: 145/145 MP: 1/35
 47083 | Spider:4 | Got a gossamer rune of Zot
 47980 | Vaults:1 | Entered Level 1 of the Vaults
 48144 | Vaults:1 | Found a magical portal.
 48153 | WizLab   | Entered Iskenderun's Mystic Tower
 49030 | WizLab   | Got Ydesotia's Handbook of Twisted Summoning
 49045 | WizLab   | Got Iskenderun's Incunabulum of Attacks
 49045 | WizLab   | Got Iskenderun's Incunabulum of Confrontation
 49045 | WizLab   | Got Sif Muna's Volume of Ignition and the Snowflakes
 49451 | Vaults:1 | Reached skill level 5 in Long Blades
 50231 | Vaults:1 | Reached XP level 21. HP: 150/151 MP: 26/37
 51808 | Vaults:2 | Reached skill level 10 in Long Blades
 52984 | Vaults:2 | Found Vaybuala's Antique Armour Boutique.
 53066 | Vaults:2 | Found a staircase to the Crypt.
 53511 | Vaults:3 | Noticed Boris
 53513 | Vaults:3 | Killed Boris
 54129 | Vaults:3 | Reached XP level 22. HP: 144/157 MP: 39/39
 54277 | Vaults:3 | You are sucked into a shaft and drop 1 floor!
 54693 | Vaults:4 | Noticed Boris
 54705 | Vaults:4 | Killed Boris
 54957 | Vaults:4 | Reached skill level 15 in Long Blades
 55816 | Vaults:4 | Identified the ring "Para Mysu" {rC+ Will+}
 55821 | Vaults:4 | Found a transporter.
 55821 | Vaults:4 | Found a transporter.
 56730 | Vaults:3 | Reached skill level 16 in Stealth
 57365 | Vaults:5 | Entered Level 5 of the Vaults
 57369 | Vaults:5 | Reached XP level 23. HP: 147/165 MP: 29/40
 57369 | Vaults:5 | Noticed a golden dragon
 57478 | Vaults:5 | Killed a golden dragon
 57861 | Vaults:5 | Reached skill level 17 in Stealth
 58758 | Vaults:5 | Noticed a dread lich
 58767 | Vaults:5 | Killed a dread lich
 58964 | Vaults:5 | Noticed a dread lich
 59001 | Vaults:5 | Killed a dread lich
 59003 | Vaults:5 | Reached skill level 18 in Stealth
 59279 | Vaults:5 | Got a silver rune of Zot
 59297 | Vaults:5 | Got the Handbook of Lightness and Venom
 59369 | Vaults:5 | Noticed a golden dragon
 59371 | Vaults:5 | Noticed a golden dragon
 59379 | Vaults:5 | Killed a golden dragon
 59386 | Vaults:5 | Killed a golden dragon
 59503 | Vaults:5 | Reached XP level 24. HP: 171/175 MP: 41/41
 59656 | Vaults:5 | Found the +9 staff of Wucad Mu {*channel}
 59671 | Vaults:5 | Got the Compendium of Congealing Dislocation
 59781 | Vaults:5 | Got the Catalogue of Dislocation and Calling
 60594 | D:12     | Identified the ring "Sejuypi" {rElec rF+ AC+4 Dex+4}
 60735 | D:15     | Identified the ring "Rick" {rF- Str+2 Dex+4 SInv Stlth+}
 60806 | Depths:1 | Bought the ring "Neoferue" {Fly rF++ Will+ Str-2 SInv} for
                  | 809 gold pieces
 60866 | Depths:2 | Reached skill level 15 in Spellcasting
 60866 | Depths:2 | Reached skill level 15 in Invocations
 60889 | Depths:2 | Reached skill level 19 in Stealth
 62008 | Depths:2 | Identified the +7 hand crossbow "Qyses" {penet, *Corrode
                  | Dex+6}
 62010 | Depths:2 | Identified the ring "Jiyr Mint" {AC+4 Int+2 Dex-3 Stlth+}
 62484 | Depths:3 | Noticed a juggernaut
 62497 | Depths:3 | Killed a juggernaut
 63065 | Depths:3 | Found an iron altar of Okawaru.
 63601 | Depths:3 | Noticed a caustic shrike
 63607 | Depths:3 | Killed a caustic shrike
 63701 | Depths:3 | Reached skill level 20 in Stealth
 63777 | Depths:3 | Found a one-way gate to the infinite horrors of the Abyss.
 63964 | Depths:4 | Entered Level 4 of the Depths
 64190 | Depths:4 | Found a gateway to a ziggurat.
 64424 | Depths:4 | Reached XP level 25. HP: 183/183 MP: 42/42
 64436 | Depths:4 | Found a gate to the Realm of Zot.
 64486 | Depths:4 | Noticed Boris
 64497 | Depths:4 | Killed Boris
 64655 | Depths:4 | Found a runed translucent gate.
 64655 | Depths:4 | Found a runed translucent gate.
 64655 | Depths:4 | Found a runed translucent gate.
 64656 | Depths:4 | Noticed an ancient lich
 64656 | Depths:4 | Noticed a dread lich
 64665 | Depths:4 | Noticed Usuebad's ghost (adept DgCj)
 65086 | Depths:4 | Killed an ancient lich
 65089 | Depths:4 | Killed a dread lich
 65119 | Depths:4 | Killed Usuebad's ghost
 65128 | Depths:4 | Reached skill level 21 in Stealth
 65238 | Depths:4 | Identified the +0 pair of boots of the Apprentice {-Tele
                  | rC+ Will+ Int+7}
 65251 | Depths:4 | Learned a level 8 spell: Ignition
 65792 | Swamp:1  | Reached skill level 1 in Fire Magic
 66109 | Swamp:2  | Found a runed translucent gate.
 66109 | Swamp:2  | Found a runed translucent gate.
 66109 | Swamp:2  | Found a runed translucent gate.
 66133 | Swamp:2  | Noticed freelancePsychic's ghost (adept DjCj)
 66134 | Swamp:2  | Noticed Iffuusoj's ghost (adept MiBe)
 66167 | Swamp:2  | Killed Iffuusoj's ghost
 66180 | Swamp:2  | Killed freelancePsychic's ghost
 67414 | Swamp:3  | Noticed Mlioglotl
 67426 | Swamp:3  | Killed Mlioglotl
 67641 | Swamp:4  | Entered Level 4 of the Swamp
 67794 | Swamp:4  | Reached skill level 5 in Fire Magic
 68003 | Swamp:4  | Identified the ring of Qijovvog {Fly rC+ Int+4 Dex-3
                  | Slay+4}
 68031 | Swamp:4  | Identified the +0 chain mail "Igoirisu" {rPois rCorr}
 68230 | Swamp:4  | Got a decaying rune of Zot
 68294 | Swamp:4  | Identified the +1 plate armour of Exclusion {+Blink Dex+6
                  | Stlth+}
 68813 | Zot:1    | Entered Level 1 of the Realm of Zot
 68816 | Zot:1    | Noticed an orb of fire
 68824 | Zot:1    | Killed an orb of fire
 69820 | Zot:1    | Reached XP level 26. HP: 194/194 MP: 39/43
 70033 | Zot:2    | Noticed an ancient lich
 70048 | Zot:2    | Killed an ancient lich
 70521 | Zot:2    | Reached skill level 22 in Stealth
 70611 | Zot:2    | Noticed a Killer Klown
 70620 | Zot:2    | Killed a Killer Klown
 73103 | Zot:4    | Noticed a shard shrike
 73150 | Zot:4    | Noticed a shard shrike
 73163 | Zot:4    | Killed a shard shrike
 73164 | Zot:4    | Reached skill level 23 in Stealth
 73173 | Zot:4    | Reached XP level 27. HP: 203/203 MP: 43/43
 73626 | Zot:5    | Entered Level 5 of the Realm of Zot
 73786 | Zot:5    | Reached skill level 10 in Fire Magic
 74304 | Zot:1    | Noticed an orb of fire
 74310 | Zot:1    | Gained mutation: You tend to lose your temper in combat.
                  | [an orb of fire]
 74311 | Zot:1    | Gained mutation: You are robust. (+10% HP) [an orb of fire]
 74320 | Zot:1    | Killed an orb of fire
 74593 | Crypt:1  | Entered Level 1 of the Crypt
 74596 | Crypt:1  | Lost mutation: Your spells are a little easier to cast, but
                  | a little less powerful. [potion of mutation]
 74596 | Crypt:1  | Lost mutation: You are robust. (+10% HP) [potion of
                  | mutation]
 74596 | Crypt:1  | Lost mutation: You tend to lose your temper in combat.
                  | [potion of mutation]
 74596 | Crypt:1  | Gained mutation: You are dopey. (Int -2) [potion of
                  | mutation]
 74619 | Crypt:1  | Noticed Boris
 74660 | Vaults:2 | Killed Boris
 75065 | Crypt:1  | Found an ancient bone altar of Kikubaaqudgha.
 75492 | Crypt:2  | Reached skill level 15 in Dodging
 75771 | Crypt:2  | Reached skill level 10 in Transmutations
 75778 | Crypt:2  | Reached skill level 10 in Earth Magic
 76291 | Crypt:2  | Lost mutation: You are dopey. (Int -2) [potion of mutation]
 76291 | Crypt:2  | Gained mutation: You are occasionally teleported next to
                  | monsters. [potion of mutation]
 76291 | Crypt:2  | Gained mutation: One of your tentacles bears a spike.
                  | [potion of mutation]
 76292 | Crypt:2  | Lost mutation: One of your tentacles bears a spike. [potion
                  | of mutation]
 76292 | Crypt:2  | Gained mutation: You are partially covered in iridescent
                  | scales. (AC +2) [potion of mutation]
 76292 | Crypt:2  | Gained mutation: Your mind is acute. (Int +2) [potion of
                  | mutation]
 76292 | Crypt:2  | Gained mutation: You are robust. (+10% HP) [potion of
                  | mutation]
 76292 | Crypt:2  | Gained mutation: You are agile. (Dex +2) [potion of
                  | mutation]
 76293 | Crypt:2  | Lost mutation: You are partially covered in iridescent
                  | scales. (AC +2) [potion of mutation]
 76293 | Crypt:2  | Lost mutation: Your mind is acute. (Int +2) [potion of
                  | mutation]
 76293 | Crypt:2  | Gained mutation: Your magical capacity is low. (-10% MP)
                  | [potion of mutation]
 76293 | Crypt:2  | Gained mutation: You are partially covered in iridescent
                  | scales. (AC +2) [potion of mutation]
 76293 | Crypt:2  | Gained mutation: You are somewhat resistant to further
                  | mutation. [potion of mutation]
 76294 | Crypt:2  | Lost mutation: You are somewhat resistant to further
                  | mutation. [potion of mutation]
 76294 | Crypt:2  | Lost mutation: You are agile. (Dex +2) [potion of mutation]
 76294 | Crypt:2  | Gained mutation: You are dopey. (Int -2) [potion of
                  | mutation]
 76294 | Crypt:2  | Gained mutation: You are mostly covered in iridescent
                  | scales. (AC +4) [potion of mutation]
 76295 | Crypt:2  | Lost mutation: Your magical capacity is low. (-10% MP)
                  | [potion of mutation]
 76295 | Crypt:2  | Lost mutation: You are robust. (+10% HP) [potion of
                  | mutation]
 76295 | Crypt:2  | Lost mutation: You are mostly covered in iridescent scales.
                  | (AC +4) [potion of mutation]
 76295 | Crypt:2  | Gained mutation: You do not regenerate when monsters are
                  | visible. [potion of mutation]
 76295 | Crypt:2  | Gained mutation: You have supernaturally acute eyesight.
                  | (SInv) [potion of mutation]
 76295 | Crypt:2  | Gained mutation: Your magical capacity is low. (-10% MP)
                  | [potion of mutation]
 76295 | Crypt:2  | Gained mutation: One of your tentacles bears a spike.
                  | [potion of mutation]
 76296 | Crypt:2  | Lost mutation: You are partially covered in iridescent
                  | scales. (AC +2) [potion of mutation]
 76296 | Crypt:2  | Lost mutation: You do not regenerate when monsters are
                  | visible. [potion of mutation]
 76296 | Crypt:2  | Lost mutation: You are dopey. (Int -2) [potion of mutation]
 76296 | Crypt:2  | Gained mutation: You expend magic power (3 MP) to
                  | strengthen your wands. [potion of mutation]
 76296 | Crypt:2  | Lost mutation: You are occasionally teleported next to
                  | monsters. [potion of mutation]
 76296 | Crypt:2  | Gained mutation: Your muscles are strong. (Str +2) [potion
                  | of mutation]
 76297 | Crypt:2  | Lost mutation: Your magical capacity is low. (-10% MP)
                  | [potion of mutation]
 76297 | Crypt:2  | Lost mutation: One of your tentacles bears a spike. [potion
                  | of mutation]
 76297 | Crypt:2  | Gained mutation: You sometimes lose the ability to read
                  | scrolls when taking damage. [potion of mutation]
 76297 | Crypt:2  | Gained mutation: You have a pair of small antennae on your
                  | head. [potion of mutation]
 76297 | Crypt:2  | Gained mutation: You are resistant to electric shocks.
                  | (rElec) [potion of mutation]
 76297 | Crypt:2  | Gained mutation: Your mind is acute. (Int +2) [potion of
                  | mutation]
 76521 | Crypt:3  | Entered Level 3 of the Crypt
 76521 | Crypt:3  | Noticed Margery
 76524 | Crypt:3  | Killed Margery
 76884 | Crypt:3  | Reached skill level 24 in Stealth
 76996 | Crypt:3  | Identified the ring "Ving" {rC+ rN+ Int+4}
 77048 | Crypt:3  | Acquired a +0 kite shield of protection
 77420 | Crypt:3  | Noticed an ancient lich
 77453 | Crypt:3  | Killed an ancient lich
 77454 | Crypt:3  | Noticed a dread lich
 77454 | Crypt:3  | Noticed a dread lich
 77468 | Crypt:3  | Killed a dread lich
 77472 | Crypt:3  | Killed a dread lich
 77520 | Crypt:3  | Found the +2 shield of Resistance {rF++ rC++ Will++}
 77520 | Crypt:3  | Found the +4 dagger "Morg" {pain, Will+ Int+5}
 77530 | Crypt:3  | Identified the ring of the Salmon {rF- rN+ rCorr Dex+6}
 77682 | Crypt:3  | Found a staircase to the Tomb.
 78105 | Zig:1    | Entered Level 1 of a ziggurat
 78124 | Zig:2    | Entered Level 2 of a ziggurat
 78125 | Zig:2    | Noticed a dread lich
 78132 | Zig:2    | Killed a dread lich
 78146 | Zig:3    | Entered Level 3 of a ziggurat
 78179 | Zig:4    | Entered Level 4 of a ziggurat
 78244 | Zig:5    | Entered Level 5 of a ziggurat
 78281 | Zig:5    | Identified the ring of the Median {Ice rElec rPois Str+3
                  | Slay+3}
 78288 | Zig:6    | Entered Level 6 of a ziggurat
 78303 | Zig:6    | Paralysed by accursed screaming for 1 turns
 78320 | Zig:6    | Acquired the Incunabulum of Twisted Clay
 78411 | Zig:7    | Entered Level 7 of a ziggurat
 78416 | Zig:7    | Found the +8 glaive of the Guard {elec, spectral, AC+5}
 78417 | Zig:7    | Noticed a dread lich
 78429 | Zig:7    | Killed a dread lich
 78462 | Zig:8    | Entered Level 8 of a ziggurat
 78486 | Zig:8    | Identified the ring of Jeulorch {Fire MP+9}
 78509 | Zig:9    | Entered Level 9 of a ziggurat
 78527 | Zig:9    | Identified the +1 scale mail "Abonez" {Harm Rampage rC++
                  | Dex-2}
 78553 | Zig:10   | Entered Level 10 of a ziggurat
 78564 | Zig:10   | Noticed a dread lich
 78575 | Zig:10   | Killed a dread lich
 78583 | Zig:10   | Identified the +3 long sword of the Wasp {flame, *Noise
                  | Str+3 Int+5}
 78586 | Zig:10   | Identified the +10 crystal plate armour of the Stone Wall
                  | {Fly rN+ Str+6 Stlth-}
 78592 | Zig:11   | Entered Level 11 of a ziggurat
 78604 | Zig:11   | Noticed Gahisam the pandemonium lord
 78604 | Zig:11   | Noticed Idufuf the pandemonium lord
 78605 | Zig:11   | Noticed Vyim the pandemonium lord
 78605 | Zig:11   | Found the +10 morningstar "Eos" {elec, Halo rElec}
 78607 | Zig:11   | Killed Idufuf the pandemonium lord
 78607 | Zig:11   | Killed Vyim the pandemonium lord
 78619 | Zig:11   | Killed Gahisam the pandemonium lord
 78632 | Zig:11   | Identified the +7 dagger of the Median {vorpal, Will- rCorr
                  | Str+7}
 78656 | Zig:12   | Entered Level 12 of a ziggurat
 79180 | Zot:5    | Noticed an ancient lich
 79181 | Zot:5    | Noticed an orb of fire
 79187 | Zot:5    | Noticed an orb of fire
 79187 | Zot:5    | Gained mutation: You tend to lose your temper in combat.
                  | [an orb of fire]
 79189 | Zot:5    | Killed an ancient lich
 79192 | Zot:5    | Noticed an orb of fire
 79199 | Zot:5    | Gained mutation: You are clumsy. (Dex -2) [an orb of fire]
 79204 | Zot:5    | Noticed an orb of fire
 79204 | Zot:5    | Killed an orb of fire
 79205 | Zot:5    | Lost mutation: You sometimes lose the ability to read
                  | scrolls when taking damage. [an orb of fire]
 79205 | Zot:5    | Noticed a dread lich
 79206 | Zot:5    | Gained mutation: You often lose your temper in combat. [an
                  | orb of fire]
 79217 | Zot:5    | Gained mutation: Your spells are a little easier to cast,
                  | but a little less powerful. [an orb of fire]
 79219 | Zot:5    | Killed an orb of fire
 79220 | Zot:5    | Gained mutation: Your body sometimes deteriorates upon
                  | taking damage. [an orb of fire]
 79223 | Zot:5    | Noticed an orb of fire
 79224 | Zot:5    | Killed a dread lich
 79229 | Zot:5    | Killed an orb of fire
 79233 | Zot:5    | Noticed a dread lich
 79236 | Zot:5    | Noticed an orb of fire
 79236 | Zot:5    | Noticed an orb of fire
 79239 | Zot:5    | Gained mutation: You are frail. (-10% HP) [an orb of fire]
 79241 | Zot:5    | Noticed an orb of fire
 79244 | Zot:5    | Gained mutation: You are very clumsy. (Dex -4) [an orb of
                  | fire]
 79245 | Zot:5    | Gained mutation: You are very frail. (-20% HP) [an orb of
                  | fire]
 79250 | Zot:5    | Killed an orb of fire
 79252 | Zot:5    | Gained mutation: You are occasionally teleported next to
                  | monsters. [an orb of fire]
 79254 | Zot:5    | Gained mutation: Your body often deteriorates upon taking
                  | damage. [an orb of fire]
 79268 | Zot:5    | Lost mutation: Your mind is acute. (Int +2) [an orb of
                  | fire]
 79278 | Zot:5    | Killed an orb of fire
 79328 | Zot:5    | Slain by an Orb Guardian

Illustrated notes

Levels and vault maps discovered:
D:1:      matt_arrival_spirals, layout_basic
D:2:      layout_loops_ring, uniq_crazy_yiuf_cottage
D:3:      layout_loops_ring, mainiacjoe_overflow_chevrons,
          chequers_temple_overflow_minitemple
D:4:      layout_basic, slow_altar_1, serial_bayou_pond_d
D:5:      layout_cave_pools
D:6:      layout_basic, grunt_dithmenos_shadows,
          mainiacjoe_overflow_surrounded_room, minmay_temple_entry_mist
D:7:      layout_loops_ring, hangedman_decor_lopped, minmay_stone_trees_medium,
          amcnicky_mini_rare_corridor_liquid, kennysheep_generic_room_15,
          uniq_harold
D:8:      layout_loops_ring, erik_lair_dragon, nicolae_ossuary_entry_catacombs
D:9:      layout_basic, gammafunk_temple_overflow_statue, erik_orc_2, uniq_grum
D:10:     layout_basic, statue_in_the_mist_lemuel, uniq_urug, uniq_sonja
D:11:     layout_roguey
D:12:     layout_small_grid, grunt_ministairs_13, dk_vineyard_1, minivault_15,
          corner_web_ring
D:13:     layout_roguey, erik_vaults_1
D:14:     cheibrodos_breeding_chamber, layout_long_grid, fedhas_altar_3,
          uniq_jorgrun
D:15:     hangedman_depths_entry_civil_slaughter, layout_basic,
          roderic_lattice_a, serial_glass, glass_columns_a, glass_columns_b,
          glass_columns_c, unseen_surprise_small
Temple:   nicolae_temple_x_marks_the_god
Lair:1:   layout_gridlike, grunt_megastairs_5, serial_bayou_shore_a
Lair:2:   beast_lair_carwin_large_1, layout_regular_city, basic_altar,
          hellmonk_ghost_happy_afterlife, portal_ice_cave_entry_pillars_2,
          infiniplex_staircase_pool, grunt_megastairs_3
Lair:3:   layout_hall_layers, basic_altar, minmay_holes
Lair:4:   layout_regular_city, nicolae_swamp_entry_splash_gauntlet,
          dummy_spider_entry, basic_altar
Lair:5:   layout_loops_ring, st_stairs_3
Lair:6:   evilmike_catoblepas_cave, layout_long_grid,
          minmay_slime_entry_jelly_boxes, st_stairs_9, grunt_megastairs_1
Swamp:1:  layout_falls_marsh, nicolae_swamp_treefoil
Swamp:2:  layout_basic_swamp, gammafunk_ghost_cemetery, evilmike_swamp_ruin_wall
Swamp:3:  nicolae_swamp_wrong_neighborhood, layout_basic_swamp,
          nicolae_swamp_trees_clearing, hangedman_swamp_pad, grunt_witch_cave,
          uniq_mlioglotl
Swamp:4:  swamp, layout_basic_swamp
Spider:1: layout_spider_delve, uniq_agnes
Spider:2: nicolae_spider_hilbert_zone_4 [nicolae_spider_hilbert_4_sides_2_open,
          nicolae_spider_hilbert_4_sides_1_open,
          nicolae_spider_hilbert_4_sides_1_open,
          nicolae_spider_hilbert_4_sides_1_open,
          nicolae_spider_hilbert_4_sides_1_open,
          nicolae_spider_hilbert_2_sides_1_open,
          nicolae_spider_hilbert_2_sides_1_open,
          nicolae_spider_hilbert_2_sides_1_open,
          nicolae_spider_hilbert_2_sides_1_open,
          nicolae_spider_hilbert_6_sides_1_open,
          nicolae_spider_hilbert_6_sides_1_open,
          nicolae_spider_hilbert_3_sides_1_open,
          nicolae_spider_hilbert_3_sides_1_open], uniq_kirke, uniq_asterion,
          uniq_arachne
Spider:3: layout_spider_delve, nicolae_spider_undead_wolf_pack
Spider:4: grunt_spider_rune_island
Orc:1:    layout_caves, uniq_josephine, uniq_nergalle
Orc:2:    st_orc_town, layout_diamond_mine, basic_altar, enter_volcano_3,
          uniq_azrael
Elf:1:    nicolae_elf_arrival_aired_out, layout_gridlike,
          kennysheep_underground_church
Elf:2:    nicolae_elf_blades_crystal_corner, layout_gridlike, serial_shops,
          shop, shop, shop, nicolae_stop_n_shop_1, ebering_ghost_disaster_area
Elf:3:    minmay_elf_hall_spiked, layout_loops_ring, minmay_crystal_room
Vaults:1: serial_ice_g, nicolae_vaults_asterisk, v_misc_2,
          nicolae_vaults_ring_of_whatevers, v_rooms_5, hangedman_vaults_hat,
          grunt_vaults_diagonal, v_misc_5, grunt_vaults_trifunnel,
          hangedman_vaults_river_flow, v_misc_24, nicolae_vaults_an_arrangement,
          layout_vaults_maze_snakey, mu_enter_wizlab_4
Vaults:2: nicolae_vaults_what_the_h, ontoclasm_vaults_tryst, v_misc_25,
          vaults_standard_mumra_x, nicolae_vaults_quartermaster,
          nicolae_vaults_yaktaur_gun_rack, v_misc_2,
          nicolae_vaults_shelves_hall, vaults_room_mumra_shop_pool,
          vaults_dpeg_ring, nicolae_vaults_three_branches,
          layout_vaults_omnigrid, minmay_crypt_entry_simple_box
Vaults:3: v_pattern_5, vaults_room_boxed, nicolae_vaults_diagonal_hallway_8,
          vaults_room_guarded_vault, grunt_vaults_funnel, v_rooms_1, v_misc_30,
          v_misc_28, vaults_dpeg_encased_lava, layout_vaults_omnicross,
          uniq_boris
Vaults:4: v_misc_15, vaults_mumra_chevron_long, vaults_dpeg_spiral,
          gammafunk_the_bubble [the_bubble_gammafunk_split],
          vaults_room_door_hall, nicolae_vaults_border_crossing,
          vaults_room_stairs_pillars, v_misc_1, v_pattern_3,
          dpeg_vaults_monster_box, v_rooms_2, grunt_vaults_bifocal,
          grunt_vaults_hallway_short, vaults_room_semicircle,
          layout_vaults_omnibox
Vaults:5: serial_shops
Crypt:1:  layout_rooms, basic_altar, grunt_megastairs_4
Crypt:2:  layout_rooms, minmay_misc_feat_ornament, minivault_19
Crypt:3:  david_glass_crypt, layout_rooms, tomb_entry_simple_bobbens,
          uniq_margery
Depths:1: layout_basic, grunt_metal_band, columned_hall_lemuel,
          minmay_misc_feat_x, kennysheep_small_square, minmay_shop_grove
Depths:2: minmay_broken_ring, layout_long_grid, grunt_decor_cap, serial_shops,
          bzr_entry_dummy, hell_entry, pan_entry, minmay_shop_star
Depths:3: minmay_tri_box, layout_gridlike, minmay_room_of_horrors,
          chequers_serial_rivers_room_b, hell_entry, rand_demon_pan_entry_3,
          kennysheep_okawaru_gauntlet
Depths:4: grunt_twist_and_shout, layout_honeycomb, enter_ziggurat_c,
          grunt_hell_entry_dis_old, gammafunk_ghost_necromancy,
          hangedman_decor_growths, grunt_ministairs_6
Zot:1:    layout_basic, grunt_ministairs_6, hangedman_zot_decor_slant
Zot:2:    hangedman_snap_crack_crunch, layout_onion
Zot:3:    layout_twisted_circle
Zot:4:    minmay_elemental_castle, layout_onion_interference
Zot:5:    layout_misc_corridors, skrybe_zot_glass_1

Skill      XL: |  1  2  3  4  5  6  7  8  9 10 11 12 13 14 15 16 17 18 19 20 21 22 23 24 25 26 27 |
---------------+----------------------------------------------------------------------------------+-----
Poison Magic   | 4 5 8 |  8.0
Short Blades   | 2 4 7 8 |  8.0
Stealth        | 3 4 5 8 11 12 14 15 16 18 20 21 23 24 | 24.5
Shields        | 2 3 4 8 13 15 | 15.0
Fighting       | 2 5 6 8 10 12 14 15 16 17 18 19 20 22 | 22.7
Throwing       | 1 |  1.0
Evocations     | 1 3 |  3.0
Spellcasting   | 4 6 7 9 11 12 13 14 15 16 | 16.0
Ice Magic      | 4 8 10 12 14 15 16 | 16.0
Dodging        | 3 6 8 10 12 14 15 | 15.0
Invocations    | 3 8 9 10 12 13 14 16 | 16.7
Long Blades    | 1 6 13 15 | 15.2
Translocations | 3 |  3.0
Earth Magic    | 5 8 13 | 13.2
Transmutations | 5 8 11 | 11.3
Fire Magic     | 6 9 13 | 13.6

Action                   |  1- 3 |  4- 6 |  7- 9 | 10-12 | 13-15 | 16-18 | 19-21 | 22-24 | 25-27 || total
-------------------------+-------+-------+-------+-------+-------+-------+-------+-------+-------++-------
Melee: Unarmed           |    37 |       |       |       |       |       |       |       |       ||    37
       Constrict         |    17 |    14 |    16 |    64 |    77 |    92 |   108 |    93 |   229 ||   710
       Tentacles         |     8 |    15 |    16 |   129 |   353 |   315 |   547 |   517 |   832 ||  2732
       Short sword       |    19 |    80 |    73 |       |       |       |       |       |       ||   172
       Quick blade       |       |       |    67 |   644 |   712 |   601 |  1025 |   141 |  1048 ||  4238
       Dagger            |       |       |       |       |    17 |    43 |    60 |       |       ||   120
       Staff             |       |       |       |       |       |     3 |       |       |       ||     3
       Double sword      |       |       |       |       |       |       |    53 |  1000 |   730 ||  1783
Throw: Javelin           |       |       |       |       |       |     3 |       |       |     5 ||     8
 Cast: Sting             |    25 |    14 |    25 |    16 |     5 |       |       |       |       ||    85
       Olgreb's Toxic Ra |       |       |    17 |    72 |    24 |    14 |       |       |       ||   127
       Ozocubu's Armour  |       |       |       |    36 |    41 |    14 |    12 |       |       ||   103
       Ozocubu's Refrige |       |       |       |       |    88 |   174 |   119 |    50 |    36 ||   467
       Statue Form       |       |       |       |       |       |       |    25 |    43 |    63 ||   131
       Blink             |       |       |       |       |       |       |     3 |       |     3 ||     6
       Ignition          |       |       |       |       |       |       |       |       |    10 ||    10
Invok: Slouch            |       |       |       |       |     2 |     6 |     5 |       |     5 ||    18
       Step From Time    |       |       |       |       |       |       |       |       |     4 ||     4
Evoke: Wand              |       |       |     9 |    20 |    24 |    17 |       |     1 |     3 ||    74
       Box of beasts     |       |       |       |       |     3 |     4 |     1 |     1 |       ||     9
       Condenser vane    |       |       |       |       |     3 |     3 |     1 |     1 |     2 ||    10
       Tin of tremorston |       |       |       |       |       |       |       |       |     2 ||     2
  Use: Potion            |       |     2 |     4 |     2 |     8 |     3 |       |     1 |    27 ||    47
       Scroll            |       |    11 |     8 |     8 |     9 |     8 |    10 |    10 |    14 ||    78
 Stab: Sleeping          |    11 |     3 |     7 |    13 |    19 |    41 |    33 |    30 |    69 ||   226
       Distracted        |       |       |       |     2 |     3 |     5 |     1 |     6 |    11 ||    28
       Paralysed         |       |       |       |       |     1 |       |       |       |       ||     1
       Confused          |       |       |       |       |       |     6 |       |       |     4 ||    10
       Held in net/web   |       |       |       |       |       |     2 |       |       |       ||     2
Armor: Skin              |     5 |    21 |    18 |    34 |    29 |    22 |   194 |   296 |   448 ||  1067
Dodge: Dodged            |    42 |    54 |    46 |   149 |   223 |   410 |   812 |  1117 |  1758 ||  4611
Block: Buckler           |       |       |    26 |    92 |   152 |   271 |       |       |       ||   541
       Kite shield       |       |       |       |       |       |    17 |   713 |  1024 |  1413 ||  3167

Table legend: (Time is in decaauts)
 A = Elapsed time spent in this place.
 B = Non-inter-level travel time spent in this place.
 C = Inter-level travel time spent in this place.
 D = Time resting spent in this place.
 E = Time spent auto-exploring this place.
 F = Levels seen in this place.
 G = Mean time per level.
                   A        B        C        D        E       F      G
               +--------+--------+--------+--------+--------+-----+--------+
         Total | 110165 |  97116 |  13049 |   1373 |  77252 |  70 | 1573.8 |
       Dungeon |  27295 |  21895 |   5400 |    196 |  18754 |  15 | 1819.7 |
        Temple |    194 |    189 |      5 |      0 |    186 |   1 |  194.0 |
          Lair |  11532 |   9640 |   1892 |      0 |   8481 |   6 | 1922.0 |
         Swamp |   5184 |   4921 |    263 |      0 |   3696 |   4 | 1296.0 |
   Spider Nest |   8631 |   7813 |    818 |    280 |   6266 |   4 | 2157.8 |
  Orcish Mines |   4145 |   3370 |    775 |     49 |   2414 |   2 | 2072.5 |
   Elven Halls |   7104 |   6820 |    284 |      0 |   5596 |   3 | 2368.0 |
        Vaults |  17927 |  16323 |   1604 |      0 |  13284 |   5 | 3585.4 |
         Crypt |   4433 |   4196 |    237 |    349 |   3000 |   3 | 1477.7 |
        Depths |  10770 |   9536 |   1234 |      0 |   7824 |   4 | 2692.5 |
           Zot |   9412 |   8880 |    532 |      0 |   6747 |   5 | 1882.4 |
         Abyss |    870 |    870 |      0 |    188 |    105 |   3 |  290.0 |
      Ziggurat |    972 |    972 |      0 |     83 |     60 |  12 |   81.0 |
        Bazaar |    198 |    198 |      0 |      0 |    162 |   1 |  198.0 |
       Ossuary |    372 |    372 |      0 |      0 |    249 |   1 |  372.0 |
        Wizlab |   1118 |   1118 |      0 |    228 |    426 |   1 | 1118.0 |
               +--------+--------+--------+--------+--------+-----+--------+

Top non-repeatable levels by time:
Vaults:4: 4850 daAuts
Vaults:2: 3882 daAuts
Depths:2: 3632 daAuts
     D:8: 3375 daAuts
Vaults:5: 3199 daAuts
Vaults:1: 3190 daAuts
   Orc:2: 3155 daAuts
   Elf:3: 2885 daAuts
Spider:2: 2816 daAuts
Vaults:3: 2804 daAuts
    D:15: 2792 daAuts
  Lair:6: 2734 daAuts
Depths:3: 2683 daAuts
Depths:4: 2653 daAuts
    D:14: 2452 daAuts
